 Dungeon Crawl Stone Soup version 0.30.0-3-ga4e48a9924 (webtiles) character file.

Game seed: 13050128576057412163

112 cheesebisquit the Ruffian (level 4, -12/38 HPs)
             Began as a Ghoul Gladiator on May 7, 2023.
             Killed by divine providence
             ... invoked by an orc priest
              (16 damage)
             ... on level 3 of the Dungeon.
             The game lasted 00:07:12 (1706 turns).

cheesebisquit the Ruffian (Ghoul Gladiator)         Turns: 1706, Time: 00:07:13

Health: -12/38     AC:  5    Str: 17    XL:     4   Next: 95%
Magic:  3/3        EV: 12    Int:  5    God:
Gold:   105        SH:  0    Dex: 10    Spells: 3/3 levels left

rFire   . .          .
                       - Unarmed
rCold   + . .        (no shield)
rNeg    + + +        a - +0 leather armour
rPois   ∞            b - +0 helmet
rElec   .            (no cloak)
rCorr   .            (no gloves)
SInv    .            e - +0 pair of boots
Will    .....        (no amulet)
Stlth   +            (no ring)
HPRegen 0.00/turn    (no ring)
MPRegen 0.08/turn

%: no passive effects
@: inhibited regen
A: claws 1, cold resistance 1, negative energy resistance 3, inhibited
regeneration, torment resistance 2, devour on kill
a: no special abilities


You were on level 3 of the Dungeon.
You visited 1 branch of the dungeon, and saw 3 of its levels.

You collected 105 gold pieces.

Inventory:

Missiles
 d - a throwing net
 h - 7 poisoned darts (quivered)
 k - a javelin
Armour
 a - a +0 leather armour (worn)
 b - a +0 helmet (worn)
 e - a +0 pair of boots (worn)
Scrolls
 c - a scroll of torment {unknown}
 f - 3 scrolls of amnesia {unknown}
 i - 3 scrolls of teleportation {unknown}
 j - a scroll of fog {unknown}
 n - a scroll of poison {unknown}
 o - a scroll of brand weapon {unknown}
 p - a scroll of noise {unknown}
 r - a scroll of blinking {unknown}
Potions
 g - 2 potions of curing {unknown}
 l - a potion of attraction {unknown}
 m - a potion of heal wounds {unknown}
 q - a potion of lignification {unknown}


   Skills:
 + Level 3.5 Fighting
 - Level 1.7 Throwing
 - Level 2.6 Dodging
 * Level 5.3 Unarmed Combat


You had 3 spell levels left.
You didn't know any spells.
Your spell library was empty.

Dungeon Overview and Level Annotations

Branches:
Dungeon (3/15)

Altars:


Innate Abilities, Weirdness & Mutations

You are immune to poison.
You have sharp fingernails.
Your flesh is cold resistant. (rC+)
You are immune to negative energy. (rN+++)
You do not regenerate when monsters are visible.
You are immune to unholy pain and torment.
You thrive by killing the living.


Message History

The goblin misses you.
You closely miss the goblin.
The goblin is severely wounded.
The goblin closely misses you.
You scratch the goblin.
You kill the goblin!
You barely miss the orc. Your claw misses the orc. The orc closely misses you.
The orc priest casts a cantrip, but nothing happens.
You closely miss the orc. The orc closely misses you. The orc misses you.
You claw the orc!
You kill the orc!
You barely miss the orc priest. The orc closely misses you.
The orc priest hits you with a +0 hand axe.
* * * LOW HITPOINT WARNING * * *
You barely miss the orc priest. The orc misses you. x2
The orc priest barely misses you.
You closely miss the orc priest. The orc closely misses you.
The orc barely misses you. The orc priest barely misses you.
You barely miss the orc priest. The orc hits you but does no damage.
The orc priest hits you but does no damage.
The orc hits you with a +0 short sword.
* * * LOW HITPOINT WARNING * * *
You scratch the orc priest.
The orc priest is lightly wounded.
The orc priest looks braver for a moment.
The orc barely misses you. x2
You scratch the orc priest.
The orc priest is heavily wounded.
The orc priest barely misses you. The orc barely misses you.
The orc hits you but does no damage.
You barely miss the orc priest.
The orc priest is heavily wounded.
You scratch the orc priest.
The orc priest is almost dead.
The orc hits you with a +0 club.
* * * LOW HITPOINT WARNING * * *
The orc barely misses you.
The orc priest calls down the wrath of Beogh upon you.
Beogh smites you!
You die...

..##.#........ ....
.....#.......#...>......#
...##...................#
...#........##..........#
...........###......>...#>
...........###............
.....†...###..............
#....†#...##.##o##......[.
..##....#..†...o@o!)......
.##...........#.##........
.#.......##.....##!.......
.............#..####.#####
.....................#
.........###.......#.#
..######## #.......# # ..
#########


You could see an orc priest and 2 orcs.

Vanquished Creatures
  3 adders (D:2)
  2 worms
  A dart slug (D:3)
  3 orcs (D:3)
  5 ball pythons
  5 endoplasms
  3 giant cockroaches
  7 hobgoblins
  7 jackals (D:1)
  2 quokkas (D:1)
  8 bats
  4 frilled lizards
  6 goblins
  7 kobolds
  4 rats
67 creatures vanquished.

Vanquished Creatures (others)
  A fungus (D:2)
1 creature vanquished.

Grand Total: 68 creatures vanquished

Notes
Turn   | Place    | Note
-------+----------+-------------------------------------------
     0 | D:1      | cheesebisquit the Ghoul Gladiator began the quest for the
                  | Orb.
     0 | D:1      | Reached XP level 1. HP: 17/17 MP: 0/0
    58 | D:1      | Reached XP level 2. HP: 25/25 MP: 1/1
   220 | D:1      | Reached skill level 4 in Unarmed Combat
   323 | D:1      | Reached XP level 3. HP: 30/30 MP: 2/2
   964 | D:2      | Reached XP level 4. HP: 31/38 MP: 3/3
  1382 | D:2      | Reached skill level 5 in Unarmed Combat
  1449 | D:2      | Found a faded altar of an unknown god.
  1706 | D:3      | Killed from afar by an orc priest

Illustrated notes

Levels and vault maps discovered:
D:1:      dpeg_arrival_simpleton_a, layout_basic
D:2:      layout_rooms, shapermc_ecumenical_altar_hornbeckon
D:3:      layout_rooms, grunt_temple_overflow_holy_war, marbit_many_paths,
          kennysheep_generic_room_5

Skill      XL: |  1  2  3  4 |
---------------+-------------+-----
Unarmed Combat | 4 5 |  5.3
Fighting       | 3 |  3.5
Throwing       | |  1.7
Dodging        | |  2.6

Action                     |  1- 3 |  4- 6 || total
---------------------------+-------+-------++-------
  Melee: Unarmed           |   133 |    84 ||   217
         Punch             |     3 |       ||     3
  Throw: Throwing net      |     4 |       ||     4
         Dart              |     1 |       ||     1
         Javelin           |     1 |       ||     1
 Armour: Leather armour    |    38 |    29 ||    67
  Dodge: Dodged            |    97 |    76 ||   173
